[ PARTIDA AOE2 · #480609475 ]
Team RMMongoles vs Franks
[ ANÁLISIS DE REPETICIÓN · EXTRAÍDO DE LA PARTIDA GRABADA ]
Feudal
13:28
Castillos
28:00
Imperial
43:20
| APM promedio | 18.0 |
| APM pico | 68 |
| eAPM promedio | 10.6 |
| Aldeanos / militares | 91 / 122 |
Foco
⚔️ 42.9% · 🌾 57.1%
Cavalry Archer ×44 · Spearman ×34 · Scout Cavalry ×11 · Archer ×10 · Mangudai ×10 · Steppe Lancer ×5
Feudal
10:01
Castillos
18:26
Imperial
33:32
| APM promedio | 40.1 |
| APM pico | 185 |
| eAPM promedio | 22.0 |
| Aldeanos / militares | 139 / 17 |
Foco
⚔️ 25.8% · 🌾 74.2%
Unknown (1911) ×43 · Unknown (1908) ×30 · Trade Cart ×20 · Iron Pagoda ×10 · Monk ×4 · Trebuchet (Packed) ×3
Feudal
12:30
Castillos
17:16
Imperial
34:20
| APM promedio | 17.8 |
| APM pico | 70 |
| eAPM promedio | 9.3 |
| Aldeanos / militares | 82 / 372 |
Foco
⚔️ 32.6% · 🌾 67.4%
Knight ×195 · Skirmisher ×173 · Trebuchet (Packed) ×3 · Monk ×1
Feudal
13:09
Castillos
23:38
Imperial
37:47
| APM promedio | 11.4 |
| APM pico | 40 |
| eAPM promedio | 7.0 |
| Aldeanos / militares | 100 / 180 |
Foco
⚔️ 28.6% · 🌾 71.4%
Magyar Huszar ×107 · Spearman ×35 · Cavalry Archer ×33 · Trebuchet (Packed) ×5
Mapa de la partida
Recursos al inicio + cada clic de construcción. Línea gruesa = muro · recuadro discontinuo = muro de casas detectado. 🟡 oro · ⚪ piedra · 🟢 bayas · 🔶 jabalí · ⭕ reliquia
Inputs por minuto
— ADRIELONIX - - Jayson
Build order — ADRIELONIX
Primeras 150 de 365 acciones detectadas
| 0:03 | Construir | House |
| 0:06 | Construir | House |
| 0:07 | Crear | Villager (Male) |
| 0:07 | Crear | Villager (Male) |
| 0:07 | Crear | Villager (Male) |
| 0:07 | Crear | Villager (Male) |
| 0:07 | Crear | Villager (Male) |
| 1:33 | Crear | Villager (Male) |
| 2:11 | Crear | Villager (Male) |
| 3:14 | Construir | Mill |
| 3:39 | Crear | Villager (Male) |
| 3:39 | Crear | Villager (Male) |
| 3:39 | Crear | Villager (Male) |
| 3:44 | Construir | Lumber Camp |
| 4:54 | Construir | House |
| 5:01 | Crear | Villager (Male) |
| 5:01 | Crear | Villager (Male) |
| 5:02 | Crear | Villager (Male) |
| 5:02 | Crear | Villager (Male) |
| 5:02 | Crear | Villager (Male) |
| 6:01 | Crear | Villager (Male) |
| 6:02 | Crear | Villager (Male) |
| 6:42 | Construir | Mining Camp |
| 7:22 | Crear | Villager (Male) |
| 7:22 | Crear | Villager (Male) |
| 7:22 | Crear | Villager (Male) |
| 7:59 | Construir | House |
| 8:06 | Construir | Mill |
| 9:24 | Construir | Farm |
| 10:04 | Construir | Farm |
| 10:04 | Construir | Farm |
| 10:04 | Construir | Farm |
| 10:09 | Construir | Farm |
| 10:10 | Construir | Farm |
| 10:37 | Construir | Farm |
| 10:37 | Construir | Farm |
| 10:37 | Construir | Farm |
| 10:38 | Construir | Farm |
| 11:18 | Investigar | Feudal Age |
| 11:22 | Investigar | Loom |
| 11:32 | Construir | House |
| 12:06 | Crear | Villager (Male) |
| 12:06 | Crear | Villager (Male) |
| 12:14 | Crear | Villager (Male) |
| 12:14 | Crear | Villager (Male) |
| 12:30 | Crear | Villager (Male) |
| 12:39 | Construir | Barracks |
| 12:45 | Crear | Villager (Male) |
| 13:24 | Construir | House |
| 13:28 | Edad | Edad Feudal |
| 13:30 | Construir | House |
| 13:48 | Crear | Spearman |
| 13:48 | Crear | Spearman |
| 13:48 | Crear | Spearman |
| 13:49 | Crear | Spearman |
| 13:55 | Investigar | Man-at-Arms (upgrade) |
| 14:13 | Investigar | Double-Bit Axe |
| 14:13 | Investigar | Double-Bit Axe |
| 14:38 | Construir | Mining Camp |
| 14:41 | Crear | Villager (Male) |
| 14:42 | Crear | Villager (Male) |
| 14:42 | Crear | Villager (Male) |
| 17:17 | Investigar | Gold Mining |
| 17:28 | Construir | Archery Range |
| 17:29 | Construir | Archery Range |
| 17:42 | Crear | Villager (Male) |
| 17:43 | Crear | Villager (Male) |
| 17:43 | Crear | Villager (Male) |
| 17:43 | Crear | Villager (Male) |
| 17:43 | Crear | Villager (Male) |
| 17:44 | Crear | Villager (Male) |
| 17:44 | Crear | Villager (Male) |
| 18:35 | Crear | Archer |
| 18:36 | Crear | Archer |
| 18:36 | Crear | Archer |
| 18:36 | Crear | Archer |
| 18:36 | Crear | Archer |
| 19:29 | Crear | Archer |
| 19:29 | Crear | Archer |
| 19:30 | Crear | Archer |
| 19:30 | Crear | Archer |
| 19:31 | Crear | Archer |
| 19:51 | Crear | Villager (Male) |
| 19:52 | Crear | Villager (Male) |
| 19:52 | Crear | Villager (Male) |
| 19:52 | Crear | Villager (Male) |
| 19:52 | Crear | Villager (Male) |
| 19:52 | Crear | Villager (Male) |
| 20:10 | Construir | Farm |
| 20:32 | Construir | House |
| 20:36 | Construir | House |
| 21:18 | Construir | Farm |
| 21:19 | Construir | Farm |
| 21:25 | Construir | Farm |
| 22:39 | Construir | Blacksmith |
| 22:57 | Construir | Market |
| 23:17 | Construir | House |
| 23:26 | Investigar | Horse Collar |
| 23:46 | Construir | Farm |
| 25:11 | Construir | Barracks |
| 25:12 | Construir | Barracks |
| 25:20 | Investigar | Castle Age |
| 25:24 | Investigar | Fletching |
| 25:25 | Investigar | Padded Archer Armor |
| 25:31 | Construir | Farm |
| 25:44 | Construir | House |
| 25:45 | Construir | House |
| 25:46 | Construir | House |
| 25:47 | Construir | House |
| 25:52 | Construir | House |
| 25:53 | Construir | House |
| 25:56 | Construir | House |
| 27:04 | Construir | Archery Range |
| 27:05 | Construir | Archery Range |
| 27:07 | Construir | Archery Range |
| 27:19 | Crear | Villager (Male) |
| 27:19 | Crear | Villager (Male) |
| 27:20 | Crear | Villager (Male) |
| 27:20 | Crear | Villager (Male) |
| 27:21 | Crear | Villager (Male) |
| 27:41 | Construir | Lumber Camp |
| 28:00 | Edad | Edad de los Castillos |
| 28:22 | Crear | Cavalry Archer |
| 28:22 | Crear | Cavalry Archer |
| 28:22 | Crear | Cavalry Archer |
| 28:23 | Crear | Cavalry Archer |
| 28:23 | Crear | Cavalry Archer |
| 28:23 | Crear | Cavalry Archer |
| 28:23 | Crear | Cavalry Archer |
| 28:24 | Crear | Cavalry Archer |
| 28:24 | Crear | Cavalry Archer |
| 28:26 | Investigar | Thumb Ring |
| 28:36 | Investigar | Crossbowman (upgrade) |
| 28:49 | Construir | Castle |
| 28:56 | Construir | Siege Workshop |
| 29:05 | Construir | Castle |
| 29:59 | Construir | University |
| 30:06 | Construir | Monastery |
| 30:34 | Crear | Villager (Male) |
| 30:34 | Crear | Villager (Male) |
| 30:34 | Crear | Villager (Male) |
| 30:34 | Crear | Villager (Male) |
| 30:34 | Crear | Villager (Male) |
| 30:35 | Crear | Villager (Male) |
| 30:35 | Crear | Villager (Male) |
| 31:19 | Crear | Cavalry Archer |
| 31:19 | Crear | Cavalry Archer |
| 31:19 | Crear | Cavalry Archer |
| 31:20 | Crear | Cavalry Archer |
| 31:20 | Crear | Cavalry Archer |
Build order — Jayson
Primeras 150 de 444 acciones detectadas
| 0:03 | Crear | Villager (Male) |
| 0:03 | Crear | Villager (Male) |
| 0:03 | Crear | Villager (Male) |
| 0:04 | Crear | Villager (Male) |
| 0:04 | Crear | Villager (Male) |
| 0:04 | Crear | Villager (Male) |
| 0:04 | Investigar | Loom |
| 0:11 | Construir | House |
| 0:13 | Construir | House |
| 0:14 | Construir | House |
| 0:15 | Construir | House |
| 1:55 | Crear | Villager (Male) |
| 1:55 | Crear | Villager (Male) |
| 2:23 | Crear | Villager (Male) |
| 2:23 | Crear | Villager (Male) |
| 3:22 | Crear | Villager (Male) |
| 3:22 | Crear | Villager (Male) |
| 3:22 | Crear | Villager (Male) |
| 3:35 | Construir | Mill |
| 3:44 | Crear | Villager (Male) |
| 3:45 | Crear | Villager (Male) |
| 3:45 | Crear | Villager (Male) |
| 3:45 | Crear | Villager (Male) |
| 4:40 | Crear | Villager (Male) |
| 4:40 | Crear | Villager (Male) |
| 5:32 | Crear | Villager (Male) |
| 5:33 | Crear | Villager (Male) |
| 5:33 | Crear | Villager (Male) |
| 5:33 | Crear | Villager (Male) |
| 5:33 | Crear | Villager (Male) |
| 5:33 | Crear | Villager (Male) |
| 5:46 | Construir | Lumber Camp |
| 7:20 | Crear | Villager (Male) |
| 7:32 | Crear | Villager (Male) |
| 7:51 | Investigar | Feudal Age |
| 7:51 | Investigar | Feudal Age |
| 9:26 | Crear | Villager (Male) |
| 9:26 | Crear | Villager (Male) |
| 9:27 | Crear | Villager (Male) |
| 9:27 | Crear | Villager (Male) |
| 10:01 | Edad | Edad Feudal |
| 10:29 | Crear | Villager (Male) |
| 10:29 | Crear | Villager (Male) |
| 10:37 | Construir | Mining Camp |
| 11:34 | Construir | House |
| 11:36 | Construir | House |
| 12:14 | Construir | House |
| 12:31 | Crear | Villager (Male) |
| 12:31 | Crear | Villager (Male) |
| 12:31 | Crear | Villager (Male) |
| 13:12 | Construir | Blacksmith |
| 13:27 | Investigar | Gold Mining |
| 13:28 | Investigar | Gold Mining |
| 14:19 | Crear | Villager (Male) |
| 14:19 | Crear | Villager (Male) |
| 14:20 | Crear | Villager (Male) |
| 14:20 | Crear | Villager (Male) |
| 14:40 | Construir | Market |
| 14:49 | Construir | Lumber Camp |
| 15:46 | Investigar | Castle Age |
| 15:47 | Investigar | Castle Age |
| 16:02 | Crear | Villager (Male) |
| 16:03 | Crear | Villager (Male) |
| 16:03 | Crear | Villager (Male) |
| 16:11 | Construir | Barracks |
| 17:01 | Construir | Archery Range |
| 17:31 | Construir | Farm |
| 17:32 | Construir | Farm |
| 17:35 | Investigar | Horse Collar |
| 17:35 | Investigar | Horse Collar |
| 17:42 | Construir | Mining Camp |
| 17:45 | Investigar | Stone Mining |
| 17:45 | Investigar | Stone Mining |
| 17:57 | Construir | Farm |
| 18:02 | Construir | Farm |
| 18:05 | Construir | Farm |
| 18:26 | Edad | Edad de los Castillos |
| 18:53 | Construir | Monastery |
| 19:03 | Crear | Villager (Male) |
| 19:05 | Investigar | Double-Bit Axe |
| 19:06 | Investigar | Double-Bit Axe |
| 19:47 | Investigar | Bow Saw |
| 19:47 | Investigar | Bow Saw |
| 19:48 | Investigar | Bow Saw |
| 19:52 | Crear | Monk |
| 19:52 | Crear | Monk |
| 19:52 | Crear | Monk |
| 20:16 | Investigar | Heavy Plow |
| 20:17 | Investigar | Heavy Plow |
| 20:17 | Investigar | Heavy Plow |
| 20:27 | Construir | Farm |
| 20:29 | Construir | Farm |
| 20:30 | Construir | Farm |
| 20:33 | Construir | Farm |
| 20:36 | Crear | Villager (Male) |
| 20:36 | Crear | Villager (Male) |
| 20:49 | Construir | Town Center |
| 21:16 | Crear | Unit 1911 |
| 21:17 | Crear | Unit 1911 |
| 21:24 | Construir | House |
| 21:25 | Construir | House |
| 21:38 | Crear | Unit 1911 |
| 22:02 | Crear | Villager (Male) |
| 22:02 | Crear | Villager (Male) |
| 22:09 | Construir | Town Center |
| 22:16 | Construir | Farm |
| 22:17 | Construir | Farm |
| 22:18 | Construir | Farm |
| 22:20 | Construir | Farm |
| 22:59 | Crear | Unit 1911 |
| 23:00 | Crear | Unit 1911 |
| 23:15 | Construir | Town Center |
| 23:27 | Crear | Unit 1911 |
| 23:32 | Investigar | Gold Shaft Mining |
| 23:32 | Investigar | Gold Shaft Mining |
| 23:34 | Crear | Villager (Male) |
| 23:35 | Crear | Villager (Male) |
| 23:35 | Crear | Villager (Male) |
| 23:35 | Crear | Villager (Male) |
| 23:45 | Construir | Farm |
| 23:54 | Crear | Unit 1911 |
| 24:03 | Crear | Villager (Male) |
| 24:03 | Crear | Villager (Male) |
| 24:54 | Crear | Villager (Male) |
| 24:54 | Crear | Villager (Male) |
| 24:55 | Crear | Villager (Male) |
| 24:55 | Crear | Villager (Male) |
| 24:55 | Crear | Villager (Male) |
| 24:55 | Crear | Villager (Male) |
| 25:06 | Crear | Monk |
| 25:30 | Construir | Farm |
| 25:35 | Construir | Farm |
| 25:36 | Construir | Farm |
| 25:40 | Construir | Farm |
| 25:40 | Construir | Farm |
| 25:42 | Construir | Farm |
| 25:47 | Investigar | Stone Shaft Mining |
| 25:51 | Crear | Villager (Male) |
| 25:51 | Crear | Villager (Male) |
| 25:52 | Crear | Villager (Male) |
| 25:57 | Construir | Farm |
| 25:58 | Construir | Farm |
| 26:04 | Construir | Farm |
| 26:51 | Crear | Villager (Male) |
| 26:51 | Crear | Villager (Male) |
| 26:51 | Crear | Villager (Male) |
| 26:52 | Crear | Villager (Male) |
| 26:52 | Crear | Villager (Male) |
| 26:52 | Crear | Villager (Male) |
| 26:52 | Crear | Villager (Male) |
Build order — GaryTheSnail
Primeras 150 de 347 acciones detectadas
| 0:05 | Construir | House |
| 0:08 | Construir | House |
| 0:08 | Crear | Villager (Male) |
| 0:09 | Crear | Villager (Male) |
| 0:09 | Crear | Villager (Male) |
| 0:09 | Crear | Villager (Male) |
| 0:09 | Crear | Villager (Male) |
| 1:44 | Crear | Villager (Male) |
| 2:59 | Crear | Villager (Male) |
| 3:00 | Crear | Villager (Male) |
| 3:00 | Crear | Villager (Male) |
| 3:00 | Crear | Villager (Male) |
| 3:41 | Crear | Villager (Male) |
| 3:41 | Crear | Villager (Male) |
| 4:28 | Construir | Mill |
| 4:32 | Crear | Villager (Male) |
| 4:33 | Crear | Villager (Male) |
| 4:55 | Construir | House |
| 4:58 | Construir | House |
| 5:05 | Crear | Villager (Male) |
| 5:38 | Crear | Villager (Male) |
| 5:39 | Crear | Villager (Male) |
| 6:05 | Construir | Lumber Camp |
| 6:15 | Crear | Villager (Male) |
| 6:20 | Construir | House |
| 6:24 | Construir | House |
| 6:27 | Construir | House |
| 6:27 | Construir | House |
| 8:15 | Construir | House |
| 8:34 | Crear | Villager (Male) |
| 8:36 | Crear | Villager (Male) |
| 9:25 | Crear | Villager (Male) |
| 10:17 | Crear | Villager (Male) |
| 10:20 | Investigar | Feudal Age |
| 10:50 | Construir | Palisade Wall |
| 11:17 | Construir | Palisade Wall |
| 11:24 | Investigar | Loom |
| 12:14 | Construir | Palisade Wall |
| 12:30 | Edad | Edad Feudal |
| 12:34 | Crear | Villager (Male) |
| 12:35 | Crear | Villager (Male) |
| 12:35 | Crear | Villager (Male) |
| 12:58 | Construir | Market |
| 13:39 | Construir | Blacksmith |
| 13:49 | Construir | Barracks |
| 13:56 | Crear | Villager (Male) |
| 14:23 | Construir | Mining Camp |
| 14:36 | Investigar | Castle Age |
| 15:01 | Construir | Mining Camp |
| 15:10 | Construir | Palisade Wall |
| 15:33 | Construir | Palisade Wall |
| 15:38 | Construir | Palisade Gate |
| 16:15 | Construir | Palisade Gate |
| 16:26 | Construir | Palisade Gate |
| 16:45 | Construir | Farm |
| 16:46 | Construir | Farm |
| 16:47 | Construir | Farm |
| 16:49 | Construir | Farm |
| 16:51 | Construir | Farm |
| 16:53 | Construir | Farm |
| 17:02 | Construir | Farm |
| 17:06 | Construir | Farm |
| 17:16 | Edad | Edad de los Castillos |
| 17:42 | Crear | Villager (Male) |
| 17:42 | Crear | Villager (Male) |
| 17:42 | Crear | Villager (Male) |
| 18:39 | Construir | Farm |
| 18:44 | Investigar | Double-Bit Axe |
| 18:46 | Crear | Villager (Male) |
| 18:55 | Construir | Farm |
| 19:34 | Construir | Farm |
| 19:36 | Crear | Villager (Male) |
| 19:37 | Crear | Villager (Male) |
| 19:39 | Crear | Villager (Male) |
| 19:40 | Crear | Villager (Male) |
| 20:28 | Construir | Market |
| 21:03 | Construir | Stable |
| 21:08 | Construir | Stable |
| 21:17 | Construir | Farm |
| 21:18 | Crear | Villager (Male) |
| 21:19 | Crear | Villager (Male) |
| 21:27 | Construir | Farm |
| 22:29 | Construir | Town Center |
| 22:33 | Crear | Villager (Male) |
| 22:33 | Crear | Villager (Male) |
| 23:17 | Construir | Outpost |
| 23:26 | Construir | Outpost |
| 23:55 | Investigar | Town Watch |
| 24:01 | Investigar | Pikeman (upgrade) |
| 24:05 | Investigar | Scale Barding Armor |
| 24:10 | Crear | Villager (Male) |
| 24:11 | Crear | Villager (Male) |
| 24:11 | Crear | Villager (Male) |
| 24:11 | Crear | Villager (Male) |
| 24:35 | Construir | Outpost |
| 24:42 | Construir | Outpost |
| 24:59 | Construir | Monastery |
| 25:05 | Crear | Villager (Male) |
| 25:06 | Crear | Villager (Male) |
| 25:08 | Crear | Villager (Male) |
| 25:08 | Crear | Villager (Male) |
| 25:08 | Crear | Villager (Male) |
| 25:09 | Crear | Villager (Male) |
| 25:18 | Construir | Farm |
| 26:04 | Construir | Farm |
| 26:05 | Construir | Farm |
| 26:06 | Construir | Farm |
| 26:09 | Crear | Monk |
| 26:19 | Construir | Lumber Camp |
| 26:27 | Construir | House |
| 26:28 | Construir | House |
| 26:29 | Construir | House |
| 26:30 | Construir | House |
| 27:49 | Construir | House |
| 27:50 | Construir | House |
| 27:53 | Construir | House |
| 27:54 | Construir | House |
| 27:56 | Construir | House |
| 27:58 | Construir | House |
| 28:18 | Construir | Outpost |
| 28:23 | Construir | Outpost |
| 28:44 | Crear | Villager (Male) |
| 28:44 | Crear | Villager (Male) |
| 28:45 | Crear | Villager (Male) |
| 28:45 | Crear | Villager (Male) |
| 28:45 | Crear | Villager (Male) |
| 29:10 | Construir | Castle |
| 29:33 | Investigar | Wheelbarrow |
| 30:57 | Construir | Mining Camp |
| 31:02 | Investigar | Imperial Age |
| 31:10 | Investigar | Imperial Age |
| 31:15 | Crear | Villager (Male) |
| 31:16 | Crear | Villager (Male) |
| 31:17 | Crear | Villager (Male) |
| 31:17 | Crear | Villager (Male) |
| 31:35 | Construir | Archery Range |
| 31:37 | Construir | Archery Range |
| 31:40 | Construir | Archery Range |
| 32:02 | Crear | Villager (Male) |
| 32:02 | Crear | Villager (Male) |
| 32:03 | Crear | Villager (Male) |
| 32:03 | Crear | Villager (Male) |
| 32:11 | Investigar | Bow Saw |
| 32:41 | Construir | House |
| 32:42 | Construir | House |
| 32:44 | Construir | House |
| 32:45 | Construir | House |
| 32:47 | Construir | House |
| 32:48 | Construir | House |
| 32:50 | Construir | House |
Build order — Saikool
Primeras 150 de 241 acciones detectadas
| 0:04 | Construir | House |
| 0:05 | Construir | House |
| 0:07 | Construir | House |
| 0:12 | Crear | Villager (Male) ×4 |
| 1:37 | Crear | Villager (Male) |
| 1:37 | Crear | Villager (Male) |
| 2:04 | Construir | Lumber Camp |
| 2:32 | Crear | Villager (Male) ×2 |
| 3:21 | Crear | Villager (Male) ×2 |
| 4:19 | Construir | Mill |
| 4:40 | Crear | Villager (Male) ×2 |
| 5:05 | Crear | Villager (Male) |
| 5:20 | Crear | Villager (Male) |
| 5:37 | Crear | Villager (Male) |
| 7:02 | Crear | Villager (Male) ×4 |
| 7:36 | Construir | House |
| 7:40 | Construir | Mining Camp |
| 8:09 | Construir | Mill |
| 8:47 | Crear | Villager (Male) ×5 |
| 9:32 | Construir | House |
| 9:33 | Construir | House |
| 9:34 | Construir | House |
| 10:22 | Investigar | Feudal Age |
| 11:09 | Construir | Mining Camp |
| 11:23 | Crear | Villager (Male) ×3 |
| 12:36 | Construir | House |
| 12:38 | Construir | House |
| 12:39 | Construir | House |
| 12:40 | Construir | House |
| 13:08 | Construir | Palisade Wall |
| 13:09 | Edad | Edad Feudal |
| 13:23 | Construir | Farm |
| 13:25 | Construir | Farm |
| 13:38 | Investigar | Double-Bit Axe |
| 13:46 | Construir | Barracks |
| 14:05 | Construir | Farm |
| 14:30 | Construir | Blacksmith |
| 14:37 | Crear | Villager (Male) |
| 14:37 | Crear | Villager (Male) |
| 14:51 | Construir | Building 800 |
| 15:07 | Investigar | Wheelbarrow |
| 15:16 | Investigar | Horse Collar |
| 15:34 | Construir | Palisade Wall |
| 15:42 | Crear | Villager (Male) ×5 |
| 16:34 | Construir | Archery Range |
| 16:43 | Construir | Palisade Wall |
| 17:03 | Investigar | Gold Mining |
| 17:13 | Investigar | Fletching |
| 17:34 | Construir | Palisade Wall |
| 17:46 | Construir | Farm |
| 17:51 | Construir | Farm |
| 17:55 | Construir | Farm |
| 18:00 | Construir | Farm |
| 18:31 | Construir | Farm |
| 18:45 | Construir | Market |
| 18:54 | Construir | Farm |
| 18:59 | Construir | Farm |
| 19:02 | Construir | Farm |
| 19:05 | Construir | Farm |
| 19:24 | Construir | Stable |
| 19:55 | Crear | Villager (Male) |
| 19:55 | Crear | Villager (Male) |
| 20:17 | Construir | Watch Tower |
| 20:23 | Investigar | Stone Mining |
| 20:27 | Construir | Farm |
| 20:53 | Construir | Farm |
| 20:58 | Investigar | Castle Age |
| 20:58 | Investigar | Castle Age |
| 22:29 | Construir | Watch Tower |
| 23:38 | Edad | Edad de los Castillos |
| 23:55 | Construir | Castle |
| 23:59 | Investigar | Bodkin Arrow |
| 24:12 | Investigar | Hand Cart |
| 24:28 | Construir | Town Center |
| 25:21 | Investigar | Bow Saw |
| 25:27 | Investigar | Heavy Plow |
| 25:35 | Crear | Cavalry Archer |
| 25:35 | Crear | Cavalry Archer |
| 25:35 | Crear | Cavalry Archer |
| 25:36 | Crear | Cavalry Archer |
| 25:49 | Investigar | Husbandry |
| 25:52 | Crear | Villager (Male) ×5 |
| 26:26 | Construir | Farm |
| 26:35 | Investigar | Town Watch |
| 26:46 | Construir | Farm |
| 27:14 | Construir | Lumber Camp |
| 27:18 | Construir | Farm |
| 27:31 | Construir | University |
| 27:35 | Construir | Farm |
| 27:50 | Crear | Villager (Male) ×5 |
| 27:51 | Crear | Villager (Male) ×5 |
| 27:52 | Crear | Villager (Male) ×5 |
| 28:06 | Construir | Farm |
| 28:23 | Construir | Farm |
| 28:44 | Construir | Farm |
| 28:50 | Construir | Mining Camp |
| 28:54 | Construir | Farm |
| 28:59 | Investigar | Gold Shaft Mining |
| 29:05 | Investigar | Ballistics |
| 29:07 | Investigar | Masonry |
| 29:08 | Investigar | Treadmill Crane |
| 29:12 | Construir | Farm |
| 29:16 | Construir | Farm |
| 29:39 | Construir | Mining Camp |
| 29:44 | Construir | Farm |
| 29:51 | Crear | Villager (Male) ×5 |
| 30:00 | Construir | Farm |
| 30:19 | Construir | Palisade Wall |
| 30:24 | Construir | Farm |
| 30:29 | Investigar | Bloodlines |
| 30:41 | Investigar | Thumb Ring |
| 30:43 | Crear | Villager (Male) ×5 |
| 30:45 | Crear | Villager (Male) ×4 |
| 30:48 | Construir | Farm |
| 31:18 | Construir | Palisade Wall |
| 31:21 | Construir | Farm |
| 31:28 | Investigar | Corvinian Army |
| 31:39 | Construir | Farm |
| 32:02 | Investigar | Town Patrol |
| 32:07 | Construir | Farm |
| 32:14 | Investigar | Murder Holes |
| 32:29 | Construir | Farm |
| 32:50 | Construir | Archery Range |
| 32:54 | Construir | Farm |
| 33:10 | Crear | Magyar Huszar |
| 33:10 | Crear | Magyar Huszar |
| 33:19 | Construir | Farm |
| 33:28 | Crear | Villager (Male) ×5 |
| 33:46 | Construir | Farm |
| 34:08 | Construir | Building 796 |
| 34:14 | Construir | Farm |
| 34:36 | Investigar | Imperial Age |
| 34:40 | Construir | Farm |
| 34:59 | Construir | House |
| 35:00 | Construir | House |
| 35:01 | Construir | House |
| 35:04 | Construir | House |
| 35:05 | Construir | House |
| 35:08 | Construir | House |
| 35:09 | Construir | House |
| 35:10 | Construir | House |
| 35:11 | Construir | House |
| 35:24 | Crear | Magyar Huszar ×5 |
| 35:32 | Crear | Villager (Male) ×5 |
| 35:34 | Crear | Magyar Huszar ×5 |
| 36:12 | Construir | Castle |
| 36:38 | Construir | House |
| 36:39 | Construir | House |
| 36:40 | Construir | House |
| 36:41 | Construir | House |
Cronología de la partida
| 10:01 | Jayson · age_up feudal |
| 10:50 | GaryTheSnail · wall_segment Palisade Wall x10 |
| 11:17 | GaryTheSnail · wall_segment Palisade Wall x14 |
| 12:14 | GaryTheSnail · wall_segment Palisade Wall x1 |
| 12:30 | GaryTheSnail · age_up feudal |
| 12:39 | ADRIELONIX · first_building Barracks |
| 13:08 | Saikool · wall_segment Palisade Wall x9 |
| 13:09 | Saikool · age_up feudal |
| 13:28 | ADRIELONIX · age_up feudal |
| 13:46 | Saikool · first_building Barracks |
| 13:49 | GaryTheSnail · first_building Barracks |
| 14:32 | GaryTheSnail · first_market_sell 100 stone |
| 15:10 | GaryTheSnail · wall_segment Palisade Wall x7 |
| 15:33 | GaryTheSnail · wall_segment Palisade Wall x18 |
| 15:34 | Saikool · wall_segment Palisade Wall x4 |
| 16:11 | Jayson · first_building Barracks |
| 16:34 | Saikool · first_building Archery Range |
| 16:43 | Saikool · wall_segment Palisade Wall x9 |
| 17:01 | Jayson · first_building Archery Range |
| 17:16 | GaryTheSnail · age_up castle |
| 17:28 | ADRIELONIX · first_building Archery Range |
| 17:34 | Saikool · wall_segment Palisade Wall x9 |
| 17:39 | GaryTheSnail · first_market_buy 100 food |
| 18:26 | Jayson · age_up castle |
| 18:53 | Jayson · first_building Monastery |
| 19:24 | Saikool · first_building Stable |
| 20:37 | Saikool · first_market_buy 100 food |
| 20:46 | Saikool · first_market_sell 100 food |
| 21:03 | GaryTheSnail · first_building Stable |
| 21:33 | Jayson · first_market_buy 100 food |
| 23:38 | Saikool · age_up castle |
| 23:55 | Saikool · first_building Castle |
| 24:59 | GaryTheSnail · first_building Monastery |
| 27:53 | Jayson · first_building Castle |
| 28:00 | ADRIELONIX · age_up castle |
| 28:12 | ADRIELONIX · first_market_buy 100 wood |
| 28:49 | ADRIELONIX · first_building Castle |
| 28:56 | ADRIELONIX · first_building Siege Workshop |
| 29:10 | GaryTheSnail · first_building Castle |
| 30:06 | ADRIELONIX · first_building Monastery |
| 30:19 | Saikool · wall_segment Palisade Wall x13 |
| 31:18 | Saikool · wall_segment Palisade Wall x10 |
| 31:35 | GaryTheSnail · first_building Archery Range |
| 32:16 | ADRIELONIX · first_building Stable |
| 32:42 | Jayson · first_building Stable |
| 33:32 | Jayson · age_up imperial |
| 34:09 | GaryTheSnail · wall_segment Stone Wall x8 |
| 34:20 | GaryTheSnail · age_up imperial |
| 34:49 | Jayson · first_building Siege Workshop |
| 37:47 | Saikool · age_up imperial |
| 40:09 | Saikool · wall_segment Stone Wall x34 |
| 42:35 | ADRIELONIX · first_market_sell 100 food |
| 43:11 | Saikool · wall_segment Stone Wall x16 |
| 43:20 | ADRIELONIX · age_up imperial |
| 57:09 | Saikool · resign |
[ ANÁLISIS IA · 1 CRÉDITO ]
¿Qué pasó realmente en esta partida?
Wolo.gg analiza cada decisión: build order, eco, micro, errores típicos por bracket. Análisis personalizado por WhatsApp o Discord en 30 segundos.
Guía civ
Mongoles
Guía mapa
Arabia
Perfil
ADRIELONIX